[Event "36th Balaton Open A 2018"]
[Site "Balatonlelle"]
[Date "2018.06.18"]
[Round "7"]
[White "Ananya Rishi Gupta"]
[Black "Kincs, Imre"]
[Result "1/2-1/2"]
[ECO "B06"]
[WhiteElo "1968"]
[BlackElo "2210"]
[Annotator "NA"]
[PlyCount "99"]
[EventDate "2018.06.12"]
[EventType "swiss"]
[EventCountry "HUN"]
[SourceTitle "playchess.com"]
[Source "ChessBase"]
[SourceQuality "1"]
[TimeControl "40/5400+30:1800+30"]

1. e4 g6 2. d4 Bg7 3. Nf3 d6 4. Nc3 a6 5. a4 Nc6 {[%emt 0:00:40] LiveBook: 36 Partien} 6. Be3 Bg4 7. Be2 e5 8. dxe5 Bxf3 9. Bxf3 Nxe5 10. Be2 h5 11. Bd4 Kf8 12. Bxe5 Bxe5 13. Qd2 g5 14. Bd3 c6 15. Ne2 Qf6 16. c3 Ne7 17. Qe3 Ng6 18. g3 g4 19. Kd2 Kg7 20. f4 gxf3 21. Rhf1 fxe2 22. Rxf6 Bxf6 23. Qxe2 Ne5 24. Rf1 Bg5+ 25. Kc2 h4 26. g4 b5 27. h3 Rhe8 28. Qf2 bxa4 29. Ra1 Re6 30. Rxa4 (30. Qd4 $16) 30... Rf6 31. Qd4 c5 32. Qd5 Rb8 33. Be2 Rf2 34. Qd1 a5 35. Kb1 Rb6 36. Rxa5 Nc4 37. Ra2 Nd2+ 38. Ka1 Nxe4 39. Ra6 Rxa6+ 40. Bxa6 Bd2 41. Bc4 Ng3 42. Qc2 Nf1 (42... Be3 {keeps fighting.} 43. Qd3 Bf4) 43. Bxf1 Rxf1+ 44. Ka2 Bg5 45. Qd3 Rf6 $18 46. Qd5 Bf4 47. Qh5 Bg3 48. Qg5+ Rg6 49. Qf5 Re6 50. Qg5+ 1/2-1/2

[Event "36th Balaton Open A 2018"]
[Site "Balatonlelle"]
[Date "2018.06.18"]
[Round "7"]
[White "Tancsa, Tamas"]
[Black "Atkins, Rita"]
[Result "1-0"]
[ECO "C18"]
[WhiteElo "1965"]
[BlackElo "2071"]
[Annotator "NA"]
[PlyCount "39"]
[EventDate "2018.06.12"]
[EventType "swiss"]
[EventCountry "HUN"]
[SourceTitle "playchess.com"]
[Source "ChessBase"]
[SourceQuality "1"]
[TimeControl "40/5400+30:1800+30"]

1. e4 e6 2. d4 d5 3. Nc3 Bb4 4. e5 c5 5. a3 Bxc3+ 6. bxc3 Ne7 7. Qg4 O-O 8. Bd3 f5 9. exf6 Rxf6 10. Bg5 Rf7 11. Qh5 g6 12. Qh4 Qa5 13. Bxe7 Qxc3+ 14. Ke2 Qxa1 15. Nf3 $17 Qxh1 16. Ne5 Rg7 17. Bf6 Nc6 18. Qh6 Nxd4+ 19. Kd2 Rc7 20. Nxg6 1-0

[Event "36th Balaton Open A 2018"]
[Site "Balatonlelle"]
[Date "2018.06.19"]
[Round "8"]
[White "Terbe, Julianna"]
[Black "Tancsa, Tamas"]
[Result "1-0"]
[ECO "C74"]
[WhiteElo "2242"]
[BlackElo "1965"]
[Annotator "NA"]
[PlyCount "165"]
[EventDate "2018.06.12"]
[EventType "swiss"]
[EventCountry "HUN"]
[SourceTitle "playchess.com"]
[Source "ChessBase"]
[SourceQuality "1"]
[TimeControl "40/5400+30:1800+30"]

1. e4 e5 2. Nf3 Nc6 3. Bb5 a6 4. Ba4 d6 5. c3 f5 6. exf5 Bxf5 7. O-O Bd3 {[%emt 0:00:23] C74: Spanische Partie (Moderne Steinitz-Verteidigung)} 8. Qb3 (8. Re1 Be7 9. Bc2 Bxc2 10. Qxc2 Nf6 11. Ng5 Qd7 12. d4 exd4 13. Ne6 Ne5 14. Nxg7+ Kf7 15. Nf5 Rag8 16. Qb3+ Ke8 17. cxd4 Qxf5 18. dxe5 Ng4 19. Re2 Nxe5 20. Qxb7 {0-1 (48) Neiksans,A (2582)-Fressinet,L (2662) chess.com INT 2018}) 8... b5 9. Qd5 Nd4 10. cxd4 Ne7 11. Qe6 Bxf1 12. Bb3 Bc4 13. Bxc4 bxc4 14. dxe5 Qd7 15. Qxc4 Qc6 $146 16. Qf1 Ng6 17. d4 dxe5 18. dxe5 Bc5 19. Nc3 Bb6 20. Qe2 O-O 21. Be3 Rae8 22. Bxb6 Qxb6 23. Qc4+ Kh8 24. Na4 Qb5 25. Qxb5 $15 axb5 26. Nc5 Rf5 27. Nd7 Rf7 28. e6 Rfe7 29. Nd4 Nf8 30. Nc5 Nxe6 31. Ndxe6 Rxe6 32. Nxe6 Rxe6 33. Kf1 Rc6 34. Rd1 Kg8 35. Ke2 Kf7 36. f4 Kf6 37. g4 g5 38. fxg5+ Kxg5 39. Kf3 b4 40. Rd4 b3 41. axb3 Rc2 42. h4+ Kf6 43. Rf4+ Ke6 44. Re4+ Kd5 45. Re7 h6 46. Rh7 Rxb2 47. Rxh6 Ke5 48. Rh5+ Kf6 49. Rb5 Rd2 50. h5 Rd3+ 51. Kf4 Rd4+ 52. Kg3 c6 53. Rf5+ Kg7 54. Kh4 Rb4 55. Rc5 Rxb3 56. Rxc6 Rb4 57. Rg6+ Kh7 58. Rg5 Kh6 59. Re5 Ra4 60. Re6+ Kh7 61. Kg5 Ra1 62. Re5 Ra6 63. Re7+ Kg8 64. h6 Ra5+ 65. Kg6 Ra6+ 66. Kh5 Ra5+ 67. g5 Rb5 68. Kg4 Rb6 69. Kf5 Rb1 70. g6 Rf1+ 71. Ke6 Re1+ 72. Kd6 Rd1+ 73. Kc5 Rc1+ 74. Kd4 Rd1+ 75. Kc3 Rc1+ 76. Kd2 Rc8 77. Ke3 Ra8 78. Kf4 Rb8 79. Re5 Kh8 80. Kg5 Rg8 81. Kh5 Ra8 82. h7 Rb8 83. Kh6 1-0

[Event "36th Balaton Open A 2018"]
[Site "Balatonlelle"]
[Date "2018.06.19"]
[Round "8"]
[White "Suta, Andraz"]
[Black "Nagy, Daniel"]
[Result "0-1"]
[ECO "B90"]
[WhiteElo "2239"]
[BlackElo "2312"]
[Annotator "NA"]
[PlyCount "134"]
[EventDate "2018.06.12"]
[EventType "swiss"]
[EventCountry "HUN"]
[SourceTitle "playchess.com"]
[Source "ChessBase"]
[SourceQuality "1"]
[TimeControl "40/5400+30:1800+30"]

1. e4 c5 2. Nf3 d6 3. d4 cxd4 4. Nxd4 Nf6 5. Nc3 a6 6. Bc4 e6 7. Bb3 Nbd7 8. f4 Nc5 9. f5 Be7 10. Qf3 O-O 11. Be3 Qc7 {[%emt 0:00:39] B86: Sicilian Scheveningen/Najdorf: 6 Bc4, without early ...b5} 12. g4 b5 $146 (12... d5 13. exd5 Nxb3 14. axb3 Nxd5 15. Nxd5 Bh4+ 16. Kd2 exd5 17. g5 Re8 {½-½ (41) Danin,A (2540)-Engel,L (2389) Karlsruhe 2018}) 13. g5 Nfxe4 14. Nxe4 Bb7 15. f6 Bxe4 16. fxe7 Qxe7 17. Qf1 Bxh1 18. Qxh1 Rac8 19. O-O-O Qc7 20. Qg2 d5 21. Kb1 $11 Rfe8 22. Bc1 Qd7 23. Qe2 b4 24. h4 a5 25. Qb5 Qxb5 26. Nxb5 Rb8 27. Nd6 Red8 28. Bf4 a4 29. Nf5 axb3 30. Ne7+ Kf8 31. Bxb8 Kxe7 32. Bh2 bxa2+ 33. Kxa2 f6 34. gxf6+ gxf6 35. Rd4 Ra8+ 36. Kb1 b3 37. cxb3 Nxb3 38. Rg4 Kf7 39. Rb4 Nc5 40. Bg1 Ne4 41. Rb7+ Kg6 42. h5+ Kxh5 43. Rxh7+ Kg4 44. Ba7 e5 45. b4 d4 46. Kc2 Nc3 47. Kb3 f5 48. Rc7 f4 49. Kc4 f3 50. Bc5 f2 51. Rf7 Kg3 52. b5 Nxb5 53. Kxb5 Kg2 54. Rg7+ Kf3 55. Rf7+ Ke2 56. Kc4 f1=Q 57. Rxf1 Kxf1 58. Bxd4 Ra4+ 59. Kc3 Rxd4 60. Kc2 e4 61. Kc3 Rd8 62. Kc2 e3 63. Kc1 e2 64. Kc2 e1=Q 65. Kb2 Qb4+ 66. Kc2 Rd2+ 67. Kc1 Qb2# 0-1

[Event "36th Balaton Open A 2018"]
[Site "Balatonlelle"]
[Date "2018.06.19"]
[Round "8"]
[White "Kincs, Imre"]
[Black "Boguszlavszkij, Jevgenyij"]
[Result "0-1"]
[ECO "B06"]
[WhiteElo "2210"]
[BlackElo "2170"]
[Annotator "NA"]
[PlyCount "78"]
[EventDate "2018.06.12"]
[EventType "swiss"]
[EventCountry "HUN"]
[SourceTitle "playchess.com"]
[Source "ChessBase"]
[SourceQuality "1"]
[TimeControl "40/5400+30:1800+30"]

1. e4 g6 2. d4 c6 3. Nf3 Bg7 4. h4 d5 5. exd5 Bg4 6. dxc6 Nxc6 7. c3 e5 8. d5 e4 9. Be2 exf3 10. gxf3 Bd7 11. dxc6 Bxc6 12. Qxd8+ Rxd8 13. h5 Ne7 14. Nd2 O-O 15. h6 Bh8 16. Ne4 Nd5 17. Bd2 Nf6 18. Ng3 Rfe8 19. O-O-O Nh5 20. Nxh5 Rxe2 21. Be3 Re8 22. Rh3 R2xe3 $15 ({But not} 22... gxh5 $6 23. Rg1+ Kf8 24. Bc5+ R2e7 25. Rhg3 $11) 23. fxe3 gxh5 24. Rg1+ Kf8 25. e4 Re5 26. Rhg3 Bf6 27. Rg8+ Ke7 28. R8g7 h4 29. Rxh7 Rh5 30. Rh1 Kf8 31. Kd1 Kg8 32. Rg7+ Bxg7 33. hxg7 Kxg7 34. Ke2 Kf6 35. Ke3 Ke5 36. Rh2 h3 37. f4+ Ke6 38. c4 f5 39. e5 Bg2 0-1

[Event "36th Balaton Open A 2018"]
[Site "Balatonlelle"]
[Date "2018.06.19"]
[Round "8"]
[White "Forgacs, Jozsef"]
[Black "Haszon, David"]
[Result "1-0"]
[ECO "D85"]
[WhiteElo "2199"]
[BlackElo "2246"]
[Annotator "NA"]
[PlyCount "93"]
[EventDate "2018.06.12"]
[EventType "swiss"]
[EventCountry "HUN"]
[SourceTitle "playchess.com"]
[Source "ChessBase"]
[SourceQuality "1"]
[TimeControl "40/5400+30:1800+30"]

1. c4 Nf6 2. d4 g6 3. Nf3 Bg7 4. Nc3 d5 5. cxd5 Nxd5 6. e4 Nxc3 7. bxc3 O-O 8. Be2 c5 9. O-O b6 10. Be3 Bb7 11. Qd3 Qc7 12. Rac1 e6 13. d5 exd5 14. exd5 Nd7 15. c4 Nf6 16. Qd2 Ne4 17. Qc2 Rae8 18. Bd3 $14 Nd6 19. Bf4 Qd7 20. Rfe1 b5 21. cxb5 c4 22. Bxc4 Nxc4 23. Qxc4 Bxd5 24. Qd3 Qb7 25. a4 Be4 26. Qa3 Rc8 27. h3 Qd5 28. Rxc8 Rxc8 29. Qe3 f5 30. Ng5 Re8 31. Nxe4 Rxe4 32. Qc1 h6 33. Rxe4 Qxe4 34. a5 Qb4 35. Qc8+ Kh7 36. Qc7 g5 37. Be3 Kg6 38. Qc6+ Kh7 39. Qe6 Qxb5 40. a6 g4 41. hxg4 fxg4 42. Qe4+ Kg8 43. Qa8+ Bf8 44. Bxh6 Qb1+ 45. Kh2 g3+ 46. fxg3 Qh7 47. Qxf8# 1-0

[Event "36th Balaton Open A 2018"]
[Site "Balatonlelle"]
[Date "2018.06.19"]
[Round "8"]
[White "Metaxasz, Vaszilisz"]
[Black "Bellan, Istvan"]
[Result "0-1"]
[ECO "D92"]
[WhiteElo "2047"]
[BlackElo "1875"]
[Annotator "NA"]
[PlyCount "133"]
[EventDate "2018.06.12"]
[EventType "swiss"]
[EventCountry "HUN"]
[SourceTitle "playchess.com"]
[Source "ChessBase"]
[SourceQuality "1"]
[TimeControl "40/5400+30:1800+30"]

1. d4 Nf6 2. c4 g6 3. Nc3 d5 4. Nf3 Bg7 5. Bf4 dxc4 6. e3 O-O 7. Bxc4 a6 8. a4 c5 9. d5 Qa5 10. O-O Bf5 {[%emt 0:03:05] [#]} 11. Nd2 $1 Qb4 (11... Qb6 $16) 12. Ra2 e5 13. Bxe5 $16 Nbd7 14. Bd6 Rfe8 15. Qb3 Nb6 16. Rc1 Nxc4 17. Qxc4 Rac8 18. Bg3 Nd7 19. a5 Ne5 20. Bxe5 Bxe5 21. Qe2 Bd7 22. Nf3 Bc7 23. Rca1 f5 24. h3 c4 25. Nd4 Be5 26. Qd2 Qd6 27. Rd1 Rc5 28. f3 Qc7 29. Rda1 Qd8 30. e4 Qh4 31. Nde2 g5 32. Qe3 Rc7 33. Qf2 Qh6 34. exf5 Bxf5 35. Ng3 Bd3 36. Re1 Rce7 37. Nge4 Qg7 38. Kh1 g4 39. Raa1 gxh3 40. d6 hxg2+ 41. Qxg2 Qxg2+ 42. Kxg2 Rg7+ 43. Kh3 Rf8 44. Rf1 Bxf1+ 45. Rxf1 Bxd6 46. Nd5 Be5 47. Rf2 Rf5 48. Kh4 Bxb2 49. Rxb2 Rxf3 50. Nef6+ Kf8 51. Nh5 Rd7 52. Nhf6 Rf7 53. Kg5 Rg7+ 54. Kh4 Rf1 55. Rh2 c3 56. Ng4 Ra1 57. Nxc3 Rxa5 58. Ne4 Ra4 59. Re2 Rf7 60. Kg5 Ra5+ 61. Kh6 Ra1 62. Nef6 Rh1+ 63. Kg5 h6+ 64. Kf5 Kg7 65. Ke6 h5 66. Ne8+ Kf8 67. Ngf6 {[%emt 0:00:50] Kg7 Ng4+ [%clk 0:01:50]} 0-1

[Event "36th Balaton Open A 2018"]
[Site "Balatonlelle"]
[Date "2018.06.19"]
[Round "8"]
[White "Vukovic, Ivo"]
[Black "Schmuck, Corentin"]
[Result "0-1"]
[ECO "C00"]
[WhiteElo "2031"]
[BlackElo "1925"]
[Annotator "NA"]
[PlyCount "83"]
[EventDate "2018.06.12"]
[EventType "swiss"]
[EventCountry "HUN"]
[SourceTitle "playchess.com"]
[Source "ChessBase"]
[SourceQuality "1"]
[TimeControl "40/5400+30:1800+30"]

1. e4 e6 2. d3 d5 3. Nd2 c5 4. Ngf3 Nc6 5. g3 Bd6 6. Bg2 Nge7 7. O-O O-O 8. c3 b6 9. Re1 Bc7 10. a3 a5 11. Qc2 b5 12. b3 Bb7 13. Bb2 Qd7 14. Rad1 a4 15. b4 cxb4 16. cxb4 Bb6 17. Qb1 Rac8 18. Qa1 f6 19. Bh3 d4 20. Qa2 Nd8 21. Rc1 Rxc1 22. Rxc1 Kh8 23. Qa1 Ndc6 24. Rc2 Qd6 25. Qa2 f5 26. Bg2 Ng6 27. Ng5 Nd8 28. f4 h6 29. e5 Qd7 30. Ngf3 Ne7 31. Qa1 Ndc6 32. Nf1 Rc8 33. Kh1 Ra8 34. h4 Nd5 35. Qe1 Ne3 36. Re2 Nxg2 37. Kxg2 Ne7 38. N1h2 Rc8 39. Kh3 Nd5 40. Qg1 Ne3 41. Qa1 h5 42. Bc1 0-1

[Event "36th Balaton Open A 2018"]
[Site "Balatonlelle"]
[Date "2018.06.19"]
[Round "8"]
[White "Trajber, Daniel"]
[Black "Sardy, Peter"]
[Result "1-0"]
[ECO "B42"]
[WhiteElo "2022"]
[BlackElo "2340"]
[Annotator "NA"]
[PlyCount "100"]
[EventDate "2018.06.12"]
[EventType "swiss"]
[EventCountry "HUN"]
[SourceTitle "playchess.com"]
[Source "ChessBase"]
[SourceQuality "1"]
[TimeControl "40/5400+30:1800+30"]

1. e4 c5 2. Nf3 e6 3. d4 cxd4 4. Nxd4 a6 5. Bd3 Ne7 6. O-O Nbc6 7. Nxc6 Nxc6 8. c4 Be7 9. Nc3 Qc7 10. Be3 Ne5 11. Qe2 O-O 12. Rac1 b6 13. Na4 Rb8 14. c5 $11 Nxd3 15. Qxd3 bxc5 16. Nxc5 Qc6 17. b3 Rb5 18. Na4 Qb7 19. Nc3 Ra5 20. f4 d6 21. f5 Bd7 22. f6 Bxf6 23. Rxf6 gxf6 24. Bh6 Qb6+ 25. Kh1 Rg5 26. Bxg5 fxg5 27. Qg3 h6 28. h4 Qc5 29. Ne2 Qe5 30. Qxe5 dxe5 31. hxg5 hxg5 32. Rc7 Bb5 33. Nc3 Bd3 34. Rd7 Bb5 35. Nxb5 axb5 36. Rb7 Ra8 37. Rxb5 Rxa2 38. Rxe5 Kg7 39. Rxg5+ Kf6 40. Rb5 Re2 41. Rb7 Kg6 42. Rb5 Kf6 43. e5+ Rxe5 44. Rxe5 Kxe5 45. g4 Kd4 46. Kg2 e5 47. Kf3 e4+ 48. Ke2 {Kd3+ g5+} Kc3 49. Ke3 Kxb3 50. Kxe4 Kc3 1-0

[Event "36th Balaton Open A 2018"]
[Site "Balatonlelle"]
[Date "2018.06.19"]
[Round "8"]
[White "Ananya Rishi Gupta"]
[Black "Ronce, Nathan"]
[Result "1/2-1/2"]
[ECO "C04"]
[WhiteElo "1968"]
[BlackElo "2210"]
[Annotator "NA"]
[PlyCount "71"]
[EventDate "2018.06.12"]
[EventType "swiss"]
[EventCountry "HUN"]
[SourceTitle "playchess.com"]
[Source "ChessBase"]
[SourceQuality "1"]
[TimeControl "40/5400+30:1800+30"]

1. e4 e6 2. d4 d5 3. Nd2 Nc6 4. Ngf3 Nf6 5. e5 Nd7 6. c3 f6 7. exf6 Qxf6 8. Nb3 Bd6 9. Bg5 Qf7 10. Bh4 O-O $11 11. Bd3 Qh5 12. Bg3 Bxg3 13. fxg3 e5 14. dxe5 Ncxe5 15. Nxe5 Qxe5+ 16. Qe2 Qg5 17. Qd2 Qxd2+ 18. Nxd2 Ne5 19. Be2 Bg4 20. Bxg4 Nxg4 21. Nf3 Rae8+ 22. Kd2 Ne3 23. Rae1 Nxg2 24. Rxe8 Rxe8 25. b3 Re7 26. Nd4 c5 27. Nc2 d4 28. cxd4 cxd4 29. Nxd4 Ne3 30. Rc1 Ng4 31. Nf3 h6 32. Rc4 Nf6 33. Kd3 Kf7 34. Rd4 Ke6 35. a3 Rc7 36. Ng1 1/2-1/2

[Event "36th Balaton Open A 2018"]
[Site "Balatonlelle"]
[Date "2018.06.19"]
[Round "8"]
[White "Bernath, Bence"]
[Black "Gaal, Ede"]
[Result "1/2-1/2"]
[ECO "B09"]
[WhiteElo "1758"]
[BlackElo "2141"]
[Annotator "NA"]
[PlyCount "77"]
[EventDate "2018.06.12"]
[EventType "swiss"]
[EventCountry "HUN"]
[SourceTitle "playchess.com"]
[Source "ChessBase"]
[SourceQuality "1"]
[TimeControl "40/5400+30:1800+30"]

1. e4 g6 2. d4 Bg7 3. Nc3 d6 4. f4 Nf6 5. Bd3 O-O 6. Nf3 Bg4 7. h3 Bxf3 8. Qxf3 Nc6 9. Qf2 e5 10. fxe5 dxe5 11. d5 Nb4 12. O-O Ne8 13. g4 Nd6 14. Qg3 Qe7 15. Bd2 f5 $11 16. gxf5 gxf5 17. Bg5 Qf7 18. exf5 Nxd3 19. f6 Nf4 20. fxg7 Qxg7 21. Bxf4 exf4 22. Qxg7+ Kxg7 23. Ne2 Rf5 24. Nxf4 Rg8 25. Ne6+ Kh6+ 26. Kh1 Rxd5 27. Rad1 Re5 28. Rf6+ Rg6 29. Rxg6+ hxg6 30. Nxc7 Ne4 31. Rd4 Ng5 32. Rd2 Nxh3 33. Rh2 Rh5 34. Nd5 Kg5 35. c4 Rh4 36. b4 a6 37. c5 Rd4 38. Rxh3 Rxd5 39. Rh7 1/2-1/2

[Event "36th Balaton Open A 2018"]
[Site "Balatonlelle"]
[Date "2018.06.20"]
[Round "9"]
[White "Sardy, Peter"]
[Black "Bernath, Bence"]
[Result "0-1"]
[ECO "C71"]
[WhiteElo "2340"]
[BlackElo "1758"]
[Annotator "RC"]
[PlyCount "83"]
[EventDate "2018.06.12"]
[EventType "swiss"]
[EventCountry "HUN"]
[SourceTitle "playchess.com"]
[Source "ChessBase"]
[SourceQuality "1"]
[TimeControl "40/5400+30:1800+30"]

1. e4 e5 2. Nf3 Nc6 3. Bb5 a6 4. Ba4 d6 5. d3 b5 6. Bb3 Na5 7. Nc3 Nxb3 8. axb3 Bd7 9. O-O Nf6 10. d4 exd4 11. Qxd4 Be7 12. Re1 O-O 13. h3 Bc6 14. Qd3 Re8 15. Nd4 Bb7 16. Nf5 Bf8 17. Bg5 h6 18. Bd2 Qd7 19. g4 Rad8 20. f3 Kh8 21. Re2 Ng8 22. Nd5 Bxd5 23. Qxd5 c6 24. Qd3 Qa7+ 25. Kg2 d5 26. e5 g6 27. Nd4 Qb7 28. b4 c5 29. bxc5 Bxc5 30. e6 Kh7 31. Rae1 Bf8 32. h4 Bg7 33. h5 Rd6 34. Bb4 Rdd8 35. exf7 Rxe2+ 36. Rxe2 Qxf7 37. Re6 Qa7 38. Qxg6+ Kh8 39. Nf5 Rd7 40. Re8 a5 41. Nxh6 Bxh6 42. Rxg8# 0-1

[Event "36th Balaton Open A 2018"]
[Site "Balatonlelle"]
[Date "2018.06.20"]
[Round "9"]
[White "Tancsa, Tamas"]
[Black "Suta, Andraz"]
[Result "0-1"]
[ECO "C96"]
[WhiteElo "1965"]
[BlackElo "2239"]
[Annotator "RC"]
[PlyCount "98"]
[EventDate "2018.06.12"]
[EventType "swiss"]
[EventCountry "HUN"]
[SourceTitle "playchess.com"]
[Source "ChessBase"]
[SourceQuality "1"]
[TimeControl "40/5400+30:1800+30"]

1. e4 e5 2. Nf3 Nc6 3. Bb5 a6 4. Ba4 Nf6 5. O-O Be7 6. Re1 b5 7. Bb3 d6 8. c3 O-O 9. h3 Na5 10. Bc2 c5 11. d4 Nd7 12. d5 Nb6 13. Nbd2 Nb7 14. Nf1 c4 15. Be3 Qc7 16. g4 Nc5 17. Ng3 a5 18. a3 Bd7 19. Nf5 Bxf5 20. gxf5 Nbd7 21. Kh2 Rab8 22. Rg1 Kh8 23. Qf1 Rg8 24. Rg3 Qd8 25. Qg2 b4 26. Rg1 Qf8 27. axb4 axb4 28. Bd2 bxc3 29. Bxc3 Nd3 30. Bxd3 cxd3 31. Nd2 Nc5 32. f4 Bf6 33. fxe5 Bxe5 34. Bxe5 dxe5 35. Nc4 f6 36. Rg4 Rb4 37. Rh4 h6 38. Nd6 Rb6 39. Nc4 Rb4 40. Na5 d2 41. Nc6 Rb7 42. Qxd2 Nb3 43. Qg2 Nd4 44. Nxd4 exd4 45. Kh1 Qf7 46. Qd2 Rgb8 47. Rg6 Qf8 48. Qxd4 Rxb2 49. Rhg4 Qd6 0-1

[Event "36th Balaton Open A 2018"]
[Site "Balatonlelle"]
[Date "2018.06.20"]
[Round "9"]
[White "Gorti, Atmika"]
[Black "Trajber, Daniel"]
[Result "1/2-1/2"]
[ECO "B22"]
[WhiteElo "1607"]
[BlackElo "2022"]
[Annotator "NA RC"]
[PlyCount "112"]
[EventDate "2018.06.12"]
[EventType "swiss"]
[EventCountry "HUN"]
[SourceTitle "playchess.com"]
[Source "ChessBase"]
[SourceQuality "1"]
[TimeControl "40/5400+30:1800+30"]

1. e4 c5 2. c3 Nf6 3. e5 Nd5 4. d4 e6 5. Nf3 cxd4 6. cxd4 Nc6 7. Be2 {[%emt 0:03:34] B22: Sicilian: 2 c3} (7. Bc4 d6 8. O-O Be7 9. exd6 Qxd6 10. Nc3 O-O 11. Re1 Nxc3 12. bxc3 b6 13. Bd3 Bb7 14. Qe2 g6 15. Qe3 Bf6 16. Qh6 Bg7 17. Qh4 Ne7 18. Ng5 h5 19. Be4 Nf5 20. Qh3 Bxe4 21. Nxe4 {1-0 (41) Radjabov,T (2710)-Moiseenko,A (2648) Bastia 2016}) 7... d6 8. exd6 Bxd6 9. O-O O-O 10. Nc3 Nf4 11. Bxf4 $146 ({Predecessor:} 11. Ne4 Bc7 12. Re1 Nxe2+ 13. Rxe2 e5 14. d5 Nd4 15. Nxd4 Qxd5 16. Qc2 Qxd4 {1-0 (69) Rosandic,A (2025)-Belamaric,T (2175) Pula 1993}) 11... Bxf4 12. d5 exd5 13. Nxd5 Bb8 14. Qd3 Qd6 15. Nc3 Qh6 16. Qe4 g5 17. g3 f5 18. Bc4+ Kh8 19. Qd5 g4 20. Nh4 Ne5 (20... Rd8 $11 21. Qf7 (21. Nxf5 $2 Qf8 $19) 21... Rf8) 21. Qd4 Qg7 22. Bb3 Bd7 23. Rad1 Bc6 24. Bd5 Bc7 25. Bxc6 bxc6 26. Ne2 Bb6 27. Qc3 Bd8 $1 28. f4 gxf3 29. Nxf3 Bb6+ 30. Kg2 Ng4 31. Qxg7+ $1 Kxg7 32. Rd7+ Rf7 33. Rxf7+ Kxf7 34. Kh3 Nf2+ 35. Kh4 Re8 36. Nf4 h6 37. Kh5 Ne4 38. Rc1 c5 39. Nd3 Kf6 40. Nf4 Rd8 41. Ng6 Kg7 42. Nge5 Rd5 43. Kh4 Ng5 44. Rf1 {[%emt 0:04:02] [#]} Bd8 $1 45. Kh5 {[%emt 0:01:38] [#]} Ne4 (45... Ne6 $1 $19 {is more deadly.} 46. Nc6 Bf6) 46. Nc4 Nf6+ (46... Rd3 $17 47. b3 Rc3) 47. Kh4 Ng4+ 48. Kh3 Bf6 49. b3 Bd4 50. Kg2 Kf6 51. Re1 Ne5 52. Nfxe5 Bxe5 53. Kf3 Rd3+ $11 {[%emt 0:00:20] und Schwarz muss sich keine Sorgen machen.} 54. Re3 (54. Ke2 Rd4) 54... Rd5 55. Re1 (55. Nxe5 $16 Rxe5 56. Rd3) 55... h5 $18 56. Re2 Rd3+ 1/2-1/2